General information
- name: BNet
- type: Ladder team game (AT/RT)
- host: Battle.net
- saver: STRASSENJUNGE
map: Deadlock
- players: 8
- length: 17:54
- speed: Fast
- version: 1.24 W3XP
- replay type: Public
» download(226 KB)
Players
team 1 (loser)
Jazztobacco (
yellow | 124 APM | 2176 actions | 17:33)
3 Blademaster
2 Wind Walk
1 Critical Strike
» actions
| Assign group hotkey | 132 | |
| Basic commands | 21 | |
| Build / train | 55 | |
| ESC pressed | 1 | |
| Enter build submenu | 15 | |
| Enter hero's abilities submenu | 3 | |
| Right click | 970 | |
| Select / deselect | 284 | |
| Select group hotkey | 610 | |
| Use ability | 85 | |
2176 total
» units
| Peon | 8 | |
| Raider | 5 | |
| Shaman | 6 | |
| Tauren | 3 | |
| Kodo Beast | 1 | |
| Troll Batrider | 5 | |
28 total
» upgrades
| Ensnare | 1 | |
| Shaman Training | 2 | |
| Melee Weapons | 2 | |
| War Drums Damage Increase | 1 | |
| Pulverize | 1 | |
| Reinforced Defenses | 1 | |
8 total
» buildings
| Altar of Storms | 1 | |
| Orc Burrow | 7 | |
| Voodoo Lounge | 2 | |
| Stronghold | 1 | |
| War Mill | 1 | |
| Beastiary | 1 | |
| Spirit Lodge | 1 | |
| Fortress | 1 | |
| Tauren Totem | 1 | |
16 total
» build order
00:08 Altar of Storms
00:25 Orc Burrow
01:16 Voodoo Lounge
02:11 Stronghold
03:02 War Mill
03:06 Orc Burrow
04:40 Beastiary
04:43 Spirit Lodge
04:58 Fortress
05:10 Orc Burrow
07:41 Voodoo Lounge
08:16 Tauren Totem
08:18 Orc Burrow
11:11 Orc Burrow
12:53 Orc Burrow
14:07 Orc Burrow
» items
| Healing Salve | 5 | |
| Lesser Clarity Potion | 3 | |
| Scroll of Speed | 1 | |
| Scroll of Town Portal | 3 | |
12 total
Kr1bbZ (
red | 155 APM | 2768 actions | 17:53)
5 Archmage
3 Summon Water Elemental
2 Brilliance Aura
3 Mountain King
2 Storm Bolt
1 Bash
» actions
| Assign group hotkey | 65 | |
| Basic commands | 79 | |
| Build / train | 68 | |
| ESC pressed | 1 | |
| Enter build submenu | 14 | |
| Enter hero's abilities submenu | 8 | |
| Right click | 993 | |
| Select / deselect | 355 | |
| Select group hotkey | 1076 | |
| Use ability | 109 | |
2768 total
» units
| Peasant | 14 | |
| Footman | 6 | |
| Sorceress | 5 | |
| Spell Breaker | 4 | |
| Priest | 3 | |
| Gryphon Rider | 6 | |
38 total
» upgrades
| Defend | 1 | |
| Lumber Harvesting | 1 | |
| Priest Training | 1 | |
| Storm Hammers | 1 | |
| Sorceress Training | 2 | |
6 total
» buildings
| Farm | 7 | |
| Altar of Kings | 1 | |
| Barracks | 1 | |
| Scout Tower | 1 | |
| Arcane Tower | 1 | |
| Keep | 1 | |
| Lumber Mill | 1 | |
| Arcane Vault | 1 | |
| Arcane Sanctum | 1 | |
| Castle | 2 | |
| Gryphon Aviary | 1 | |
18 total
» build order
00:07 Farm
00:09 Altar of Kings
00:21 Barracks
00:49 Farm
01:48 Scout Tower
01:59 Farm
02:35 Arcane Tower
03:10 Keep
03:16 Lumber Mill
03:50 Arcane Vault
04:15 Farm
05:39 Arcane Sanctum
06:04 Farm
06:34 Castle
06:34 Castle
08:08 Gryphon Aviary
14:04 Farm
14:26 Farm
» items
| Scroll of Regeneration | 2 | |
| Lesser Clarity Potion | 3 | |
| Staff of Sanctuary | 3 | |
8 total
mauie (
orange | 128 APM | 2245 actions | 17:35)
3 Warden
1 Shadow Strike
2 Fan of Knives
» actions
| Assign group hotkey | 217 | |
| Basic commands | 9 | |
| Build / train | 52 | |
| ESC pressed | 3 | |
| Enter build submenu | 17 | |
| Enter hero's abilities submenu | 3 | |
| Remove unit from queue | 2 | |
| Right click | 981 | |
| Select / deselect | 215 | |
| Select group hotkey | 663 | |
| Use ability | 83 | |
2245 total
» units
| Wisp | 21 | |
| Mountain Giant | 6 | |
| Dryad | 4 | |
31 total
» upgrades
| Reinforced Hides | 1 | |
| Strength of the Wild | 1 | |
| Hardened Skin | 1 | |
| Resistant Skin | 1 | |
4 total
» buildings
| Altar of Elders | 1 | |
| Moon Well | 7 | |
| Tree of Ages | 3 | |
| Ancient of Wonders | 1 | |
| Hunter's Hall | 1 | |
| Tree of Eternity | 1 | |
| Ancient of Lore | 2 | |
| Tree of Life | 2 | |
| Ancient Protector | 3 | |
21 total
» build order
00:08 Altar of Elders
00:19 Moon Well
01:44 Moon Well
02:31 Tree of Ages
02:31 Tree of Ages
02:36 Ancient of Wonders
03:18 Moon Well
04:00 Hunter's Hall
04:53 Tree of Eternity
05:08 Ancient of Lore
05:09 Ancient of Lore
06:17 Tree of Life
09:03 Moon Well
10:47 Ancient Protector
10:57 Ancient Protector
11:22 Ancient Protector
12:48 Moon Well
13:30 Moon Well
14:20 Moon Well
16:20 Tree of Life
» items
| Potion of Healing | 1 | |
| Staff of Preservation | 1 | |
| Orb of Venom | 1 | |
| Lesser Clarity Potion | 2 | |
| Potion of Mana | 1 | |
6 total
Sewen (
green | 98 APM | 1743 actions | 17:51)
4 Death Knight
2 Death Coil
2 Unholy Aura
3 Lich
2 Frost Nova
1 Dark Ritual
» actions
| Assign group hotkey | 76 | |
| Basic commands | 1 | |
| Build / train | 56 | |
| ESC pressed | 2 | |
| Enter build submenu | 16 | |
| Enter hero's abilities submenu | 7 | |
| Right click | 990 | |
| Select / deselect | 144 | |
| Select group hotkey | 376 | |
| Use ability | 75 | |
1743 total
» units
| Acolyte | 2 | |
| Ghoul | 3 | |
| Crypt Fiend | 10 | |
| Frost Wyrm | 4 | |
19 total
» upgrades
| Creature Attack | 3 | |
| Web | 1 | |
| Burrow | 1 | |
| Creature Carapace | 1 | |
| Freezing Breath | 1 | |
7 total
» buildings
| Crypt | 2 | |
| Graveyard | 1 | |
| Altar of Darkness | 1 | |
| Ziggurat | 7 | |
| Tomb of Relics | 1 | |
| Halls of the Dead | 2 | |
| Nerubian Tower | 1 | |
| Black Citadel | 1 | |
| Spirit Tower | 4 | |
| Sacrificial Pit | 1 | |
| Boneyard | 2 | |
23 total
» build order
00:17 Crypt
00:20 Crypt
00:22 Graveyard
00:47 Altar of Darkness
01:02 Ziggurat
01:34 Tomb of Relics
02:17 Ziggurat
03:42 Halls of the Dead
03:43 Nerubian Tower
04:41 Ziggurat
04:43 Ziggurat
06:04 Black Citadel
06:54 Spirit Tower
08:12 Ziggurat
08:13 Ziggurat
09:10 Sacrificial Pit
10:20 Boneyard
10:21 Boneyard
11:10 Ziggurat
15:23 Spirit Tower
15:23 Spirit Tower
15:24 Spirit Tower
» items
| Rod of Necromancy | 1 | |
| Dust of Appearance | 1 | |
| Healing Salve | 1 | |
| Scroll of Town Portal | 2 | |
| Orb of Corruption | 1 | |
6 total
team 2 (winner)

»
ipeeonlittleboy (
teal | 118 APM | 2105 actions | 17:54)
3 Far Seer
2 Feral Spirit
1 Chain Lighting
2 Shadow Hunter
1 Hex
1 Healing Wave
» actions
| Assign group hotkey | 122 | |
| Basic commands | 1 | |
| Build / train | 61 | |
| ESC pressed | 1 | |
| Enter build submenu | 18 | |
| Enter hero's abilities submenu | 5 | |
| Give item / drop item | 1 | |
| Remove unit from queue | 3 | |
| Right click | 873 | |
| Select / deselect | 248 | |
| Select group hotkey | 699 | |
| Use ability | 73 | |
2105 total
» units
| Peon | 11 | |
| Grunt | 5 | |
| Raider | 2 | |
| Wind Rider | 6 | |
| Shaman | 3 | |
27 total
» upgrades
| Ensnare | 1 | |
| Shaman Training | 2 | |
| Envenomed Spears | 1 | |
4 total
» buildings
| Altar of Storms | 1 | |
| Orc Burrow | 6 | |
| Barracks | 1 | |
| Voodoo Lounge | 1 | |
| Stronghold | 1 | |
| Great Hall | 1 | |
| Beastiary | 2 | |
| War Mill | 1 | |
| Fortress | 1 | |
| Spirit Lodge | 1 | |
16 total
» build order
00:06 Altar of Storms
00:25 Orc Burrow
00:40 Barracks
01:48 Orc Burrow
02:13 Voodoo Lounge
03:16 Stronghold
04:09 Orc Burrow
04:54 Great Hall
05:59 Beastiary
06:57 Beastiary
11:13 War Mill
12:08 Fortress
13:43 Spirit Lodge
14:21 Orc Burrow
14:25 Orc Burrow
14:27 Orc Burrow
» items
| Lesser Clarity Potion | 1 | |
| Scroll of Speed | 2 | |
| Healing Salve | 1 | |
| Orb of Lightning | 2 | |
| Potion of Healing | 3 | |
| Potion of Mana | 2 | |
| Scroll of Town Portal | 2 | |
13 total
SakuraGGL (
pink | 127 APM | 2272 actions | 17:54)
4 Death Knight
2 Death Coil
2 Unholy Aura
2 Lich
1 Frost Nova
1 Frost Armor
3 Dark Ranger
2 Silence
1 Black Arrow
» actions
| Assign group hotkey | 141 | |
| Basic commands | 10 | |
| Build / train | 63 | |
| Enter build submenu | 22 | |
| Enter hero's abilities submenu | 9 | |
| Give item / drop item | 2 | |
| Right click | 964 | |
| Select / deselect | 155 | |
| Select group hotkey | 823 | |
| Use ability | 83 | |
2272 total
» units
| Acolyte | 10 | |
| Ghoul | 4 | |
| Crypt Fiend | 5 | |
| Frost Wyrm | 7 | |
26 total
» upgrades
» buildings
| Graveyard | 1 | |
| Crypt | 1 | |
| Ziggurat | 8 | |
| Altar of Darkness | 1 | |
| Tomb of Relics | 1 | |
| Nerubian Tower | 4 | |
| Halls of the Dead | 2 | |
| Necropolis | 1 | |
| Black Citadel | 1 | |
| Spirit Tower | 5 | |
| Sacrificial Pit | 1 | |
| Boneyard | 2 | |
28 total
» build order
00:11 Graveyard
00:14 Crypt
00:39 Ziggurat
01:17 Altar of Darkness
01:30 Ziggurat
01:43 Tomb of Relics
02:11 Nerubian Tower
02:11 Nerubian Tower
02:11 Nerubian Tower
03:39 Halls of the Dead
03:39 Halls of the Dead
04:26 Necropolis
06:03 Black Citadel
06:11 Ziggurat
06:12 Ziggurat
07:41 Nerubian Tower
07:42 Spirit Tower
07:53 Spirit Tower
07:59 Ziggurat
08:44 Sacrificial Pit
09:37 Boneyard
09:55 Boneyard
10:37 Spirit Tower
11:05 Ziggurat
11:06 Ziggurat
11:09 Ziggurat
14:18 Spirit Tower
14:19 Spirit Tower
» items
| Rod of Necromancy | 3 | |
| Dust of Appearance | 1 | |
| Orb of Corruption | 1 | |
| Scroll of Town Portal | 1 | |
6 total
STRASSENJUNGE (
purple | 126 APM | 2266 actions | 17:54)
4 Far Seer
2 Feral Spirit
2 Chain Lighting
3 Shadow Hunter
2 Hex
1 Healing Wave
2 Tauren Chieftain
1 War Stomp
1 Endurance Aura
» actions
| Assign group hotkey | 36 | |
| Basic commands | 159 | |
| Build / train | 51 | |
| ESC pressed | 1 | |
| Enter build submenu | 23 | |
| Enter hero's abilities submenu | 12 | |
| Give item / drop item | 2 | |
| Right click | 1040 | |
| Select / deselect | 493 | |
| Select group hotkey | 366 | |
| Use ability | 82 | |
2266 total
» units
» upgrades
| Ranged Weapons | 2 | |
| Envenomed Spears | 1 | |
3 total
» buildings
| Altar of Storms | 1 | |
| Orc Burrow | 10 | |
| Barracks | 1 | |
| Voodoo Lounge | 2 | |
| Great Hall | 1 | |
| Stronghold | 3 | |
| War Mill | 1 | |
| Beastiary | 2 | |
| Fortress | 1 | |
| Watch Tower | 3 | |
25 total
» build order
00:03 Altar of Storms
00:05 Orc Burrow
00:39 Barracks
01:32 Orc Burrow
01:52 Voodoo Lounge
04:06 Great Hall
04:25 Stronghold
04:25 Stronghold
04:53 War Mill
05:31 Orc Burrow
08:10 Beastiary
08:12 Beastiary
08:23 Fortress
08:48 Orc Burrow
10:41 Orc Burrow
10:57 Watch Tower
10:58 Watch Tower
12:05 Watch Tower
13:50 Orc Burrow
14:23 Orc Burrow
14:24 Voodoo Lounge
16:42 Orc Burrow
16:43 Orc Burrow
16:45 Orc Burrow
» items
| Healing Salve | 2 | |
| Lesser Clarity Potion | 3 | |
| Scroll of Town Portal | 2 | |
7 total

»
timg4strok (
blue | 202 APM | 3623 actions | 17:54)
3 Blademaster
1 Wind Walk
2 Critical Strike
2 Shadow Hunter
1 Hex
1 Healing Wave
» actions
| Assign group hotkey | 23 | |
| Basic commands | 19 | |
| Build / train | 60 | |
| ESC pressed | 1 | |
| Enter build submenu | 16 | |
| Enter hero's abilities submenu | 5 | |
| Give item / drop item | 3 | |
| Right click | 1556 | |
| Select / deselect | 146 | |
| Select group hotkey | 1677 | |
| Use ability | 117 | |
3623 total
» units
| Peon | 13 | |
| Grunt | 4 | |
| Wind Rider | 4 | |
| Troll Batrider | 2 | |
| Raider | 4 | |
27 total
» upgrades
| Berserker Strength | 1 | |
| Ensnare | 1 | |
| Pillage | 1 | |
| Liquid Fire | 1 | |
| Envenomed Spears | 1 | |
| Ranged Weapons | 2 | |
| Reinforced Defenses | 1 | |
| Armor | 1 | |
9 total
» buildings
| Altar of Storms | 1 | |
| Orc Burrow | 6 | |
| Barracks | 1 | |
| Voodoo Lounge | 1 | |
| Stronghold | 1 | |
| War Mill | 1 | |
| Beastiary | 2 | |
| Watch Tower | 1 | |
| Great Hall | 1 | |
| Fortress | 2 | |
17 total
» build order
00:06 Altar of Storms
00:09 Orc Burrow
00:38 Barracks
01:26 Orc Burrow
02:23 Voodoo Lounge
02:51 Stronghold
03:26 Orc Burrow
04:30 War Mill
05:31 Beastiary
05:48 Beastiary
07:09 Watch Tower
08:51 Great Hall
10:29 Fortress
11:28 Orc Burrow
16:42 Orc Burrow
16:45 Orc Burrow
» items
| Healing Salve | 4 | |
| Lesser Clarity Potion | 4 | |
| Scroll of Speed | 2 | |
| Scroll of Town Portal | 2 | |
| Potion of Healing | 1 | |
| Orb of Lightning | 1 | |
14 total
Chat log
(00:30 / Allies) SakuraGGL: hes not good
(00:32 / Allies) SakuraGGL: just a hacker
(01:01 / Allies) SakuraGGL: we just lost a horrid game
(01:08 / Allies) ipeeonlittleboy: I THINK MY VENT IS LAGGING
(01:10 / Allies) ipeeonlittleboy: AGAIN
(01:11 / Allies) SakuraGGL: with corr doing his patended sh first no creeping
(01:13 / All) Sewen: !!
(02:02 / All) STRASSENJUNGE: u guys kno one of u hack rite
(02:15 / All) SakuraGGL: sewen is hacker..
(02:21 / All) Sewen: FUCK YEAH
(02:29 / All) STRASSENJUNGE: sewen is ud
(02:35 / All) Sewen: FUCK YEAH
(02:56 / Allies) SakuraGGL: bm warden
(02:59 / Allies) SakuraGGL: harassing you blue
(16:45 / All) Sewen: täa